 Dungeon Crawl Stone Soup version 0.31.0-9-g3a7656b989 (webtiles) character file.

Game seed: 5243678115307803014

4 qw the Shooter (level 1, 0/10 HPs)
             Began as a Spriggan Hunter on Feb 2, 2024.
             Slain by a hobgoblin (1 damage)
             ... on level 1 of the Dungeon.
             The game lasted 00:00:00 (38 turns).

qw the Shooter (Spriggan Hunter)                      Turns: 38, Time: 00:00:00

Health: 0/10       AC:  2    Str:  7    XL:     1   Next: 58%
Magic:  2/2        EV: 18    Int: 10    God:
Gold:   0          SH:  0    Dex: 18    Spells: 0/0 levels left

rFire   . . .        a - +0 shortbow
rCold   . . .        (shield currently unavailable)
rNeg    . . .        c - +0 robe
rPois   .            (helmet restricted)
rElec   .            (no cloak)
rCorr   .            (gloves unavailable)
SInv    +            (boots unavailable)
Will    .....        (no amulet)
Stlth   ++           (no ring)
HPRegen 0.21/turn    (no ring)
MPRegen 0.08/turn

%: no passive effects
@: very quick
A: very small, no large weapons, unfitting armour, see invisible, speed 3
a: no special abilities


You were on level 1 of the Dungeon.
You visited 1 branch of the dungeon, and saw 1 of its levels.


Innate Abilities, Weirdness & Mutations

You are very small and have problems with some larger weapons.
You are too small for most types of armour.
You have supernaturally acute eyesight. (SInv)
You cover ground extremely quickly. (Speed+++)


   Skills:
 - Level 1.5 Fighting
 - Level 4.0 Ranged Weapons
 + Level 3.3 Dodging
 - Level 1.5 Stealth


You couldn't memorise any spells.
You didn't know any spells.
Your spell library was empty.

Inventory:

Hand Weapons
 a - a +0 shortbow (weapon)
Armour
 c - a +0 robe (worn)
Scrolls
 b - a scroll of butterflies
 d - a scroll of teleportation {unknown}

Dungeon Overview and Level Annotations

Branches:
Dungeon (1/15)

Altars:


Message History

The arrow closely misses the rat.
You shoot an arrow. The arrow hits the hobgoblin!
You kill the hobgoblin!
Your Dodging skill increases to level 3!
You shoot an arrow. The arrow hits the rat.
You kill the rat!
You see here a frilled lizard corpse.
Found a book of Callings.
d - a scroll labelled FYMORI XAOS A hobgoblin comes into view.
You shoot an arrow.
The arrow hits the hobgoblin but does no damage.
You hear a shout!
A hobgoblin comes into view.
You shoot an arrow. The arrow closely misses the hobgoblin.
You shoot an arrow. The arrow hits the hobgoblin.
The hobgoblin is severely wounded.
You shoot an arrow. The arrow closely misses the hobgoblin.
The arrow hits the hobgoblin.
The hobgoblin is almost dead.
The hobgoblin closely misses you.
An endoplasm comes into view.
The hobgoblin completely misses you.
You shoot an arrow. The arrow closely misses the hobgoblin.
The hobgoblin hits you.
Ouch! That really hurt!
The hobgoblin completely misses you.
You shoot an arrow. The arrow barely misses the hobgoblin.
The hobgoblin completely misses you. The hobgoblin hits you.
Ouch! That really hurt!
You shoot an arrow. The arrow hits the hobgoblin.
You kill the hobgoblin!
The hobgoblin misses you.
You shoot an arrow.
The arrow hits the hobgoblin but does no damage.
The hobgoblin is severely wounded.
The hobgoblin closely misses you.
You shoot an arrow. The arrow closely misses the hobgoblin.
The hobgoblin closely misses you. The hobgoblin hits you.
You die...

#...........#..
#.......#...#.##
######.##..#...#
#.#...#...#
#.#..#..#.###
#.#..#.##...# .
#.%.......# ...
#......#.##...##J....
......#.%...#..@g......
.###.##.......##.#.....
#.....#...#.# .# ....
.....##........## . ...
#. #.......## ... #
......### ..:... #.#.#


You could see an endoplasm and a hobgoblin.

Vanquished Creatures
  2 hobgoblins (D:1)
  2 frilled lizards (D:1)
  A rat (D:1)
5 creatures vanquished.

Notes
Turn   | Place    | Note
-------+----------+-------------------------------------------
     0 | D:1      | qw the Spriggan Hunter began the quest for the Orb.
     0 | D:1      | Reached XP level 1. HP: 10/10 MP: 2/2
     0 | D:1      | 0 ||| qw: Version: 0.3-a-155-g5e7d8dd
     0 | D:1      | 0 ||| qw: Game counter: 1240
     0 | D:1      | 0 ||| qw: Melee chars always use a shield: true
     0 | D:1      | 0 ||| qw: God list: Okawaru
     0 | D:1      | 0 ||| qw: Allow faded altars: false
     0 | D:1      | 0 ||| qw: Do Orc after clearing Dungeon:15 true
     0 | D:1      | 0 ||| qw: Do second Lair branch before Depths: true
     0 | D:1      | 0 ||| qw: Lair rune preference: random
     0 | D:1      | 0 ||| qw: Goals: Normal
     0 | D:1      | 0 ||| PLANNING D:1-11
    20 | D:1      | Reached skill level 3 in Dodging
    35 | D:1      | HP: 1/10 [hobgoblin (5)]
    38 | D:1      | Slain by a hobgoblin

Levels and vault maps discovered:
D:1:      wander_arrival_peaceful_grave, layout_rooms,
          shapermc_ecumenical_altar_venn, minmay_tromino_v4_c

Skill      XL: |  1 |
---------------+----+-----
Dodging        | 3 |  3.3
Fighting       | |  1.5
Ranged Weapons | |  4.0
Stealth        | |  1.5

Action                     || total
---------------------------++-------
   Fire: Shortbow          ||    23
 Armour: Robe              ||     3
  Dodge: Dodged            ||     8

Table legend:
 A = Non-vault XP
 B = Vault XP
 C = Vault XP percentage of total XP
 D = Non-vault monster count
 E = Vault monster count
 F = Vault count percentage of total count
                 A         B        C        D         E       F
            +---------+---------+-------+---------+---------+-------
      Total |       5 |       2 |  28.6 |       3 |       2 |  40.0
            +---------+---------+-------+---------+---------+-------
        D:1 |       5 |       2 |  28.6 |       3 |       2 |  40.0
            +---------+---------+-------+---------+---------+-------
